 Dungeon Crawl Stone Soup version 0.23.1 (webtiles) character file.

Game seed: 10974551390233417562

58 Monsterracer the Chopper (level 3, 0/29 HPs)
             Began as a Demonspawn Gladiator on Mar 8, 2019.
             Slain by Natasha (1 damage)
             ... on level 2 of the Dungeon.
             The game lasted 00:01:24 (1650 turns).

Monsterracer the Chopper (Demonspawn Gladiator)     Turns: 1650, Time: 00:01:25

Health: 0/29       AC: 10    Str: 15    XL:     3   Next: 75%
Magic:  3/3        EV:  7    Int:  9    God:
Gold:   80         SH:  0    Dex: 14    Spells: 2/2 levels left

rFire    . . .     SeeInvis .   a - +0 war axe
rCold    . . .     Gourm    .   (no shield)
rNeg     . . .     Faith    .   h - +0 chain mail
rPois    .         Spirit   .   f - +0 helmet
rElec    .         Reflect  .   (no cloak)
rCorr    .         Harm     .   (no gloves)
MR       .....                  l - +0 pair of boots
Stlth    ..........             n - amulet of inaccuracy (curse)
HPRegen  0.09/turn              (no ring)
MPRegen  0.08/turn              (no ring)

@: slowed, very slow
A: powered by death 1
a: no special abilities


You were on level 2 of the Dungeon.
You were not hungry.

You visited 1 branch of the dungeon, and saw 2 of its levels.

You collected 80 gold pieces.


Innate Abilities, Weirdness & Mutations

You regenerate a little health from kills.


   Skills:
 * Level 3.2 Fighting
 * Level 3.6 Axes
 - Level 1.7 Throwing
 - Level 2.6 Dodging


You had 2 spell levels left.
You didn't know any spells.
Your spell library was empty.

Inventory:

Hand Weapons
 a - a +0 war axe (weapon)
Armour
 f - a +0 helmet (worn)
 h - a +0 chain mail (worn)
   (You found it on level 1 of the Dungeon)
 l - a +0 pair of boots (worn)
   (You found it on level 1 of the Dungeon)
Jewellery
 b - an uncursed amulet of harm {unknown}
   (You found it on level 1 of the Dungeon)
 n - a cursed amulet of inaccuracy (around neck)
   (You found it on level 2 of the Dungeon)
Scrolls
 j - a scroll of enchant weapon {unknown}
 o - a scroll of identify {unknown}
Potions
 e - a potion of might {unknown}
 g - a potion of flight {unknown}
 i - a potion of magic {unknown}
 k - a potion of lignification {unknown}
 m - a potion of curing {unknown}
Comestibles
 c - a ration

Dungeon Overview and Level Annotations

Branches:
Dungeon (2/15)

Altars:

Annotations:
D:2 Natasha

#..#############.#.#.######
#..............(........<..
##.#############.##########
#.# #.# #.# #.# #.# #.# #.#
#.# #.#############)#
#.....<.......#@#
#############.#h# #g# #5#
#.###### #(.....# ######h#
#.# #.#


You could see Natasha, a crimson imp and a goblin.


Message History

A frilled lizard comes into view.
You regained 7 hp, and now have 11/29 hp.
The frilled lizard hisses angrily.
The frilled lizard bites you.
* * * LOW HITPOINT WARNING * * *
You take 1 damage, and have 10/29 hp.
You miss the frilled lizard. The frilled lizard bites you.
* * * LOW HITPOINT WARNING * * *
You take 1 damage, and have 9/29 hp.
You slash the frilled lizard!
You kill the frilled lizard!
Unknown command.
You start resting.
You are feeling hungry.
You see here the felid corpse of Natasha.
You butcher the felid corpse of Natasha.
m - a chunk of flesh You see here the felid skeleton of Natasha.
You start resting.
Eating a chunk of flesh.
You eat the chunk of flesh.
This raw flesh tastes terrible.
HP restored.
Health restored: 29
Found 17 stones.
m - a fuming dark potion
Found a stone staircase leading up.
You now have 80 gold pieces (gained 19).
A goblin comes into view. It is wielding a +0 dagger.
The goblin shouts!
The goblin closely misses you.
You miss the goblin. The goblin hits you but does no damage.
You hit the goblin.
You kill the goblin!
No target in view!
No target in view!
Things that are here:
a +0 dagger; a goblin corpse A goblin and Natasha come into view.
Natasha hisses angrily.
There are monsters nearby!
Natasha casts a spell.
Natasha stares at you and mumbles some strange words.
The magic dart hits you.
Things that are here:
a +0 dagger; a goblin corpse You take 6 damage, and have 23/29 hp.
MASSIVE DAMAGE!!
Natasha casts a spell at you.
The magic dart hits you but does no damage.
Things that are here:
a +0 dagger; a goblin corpse Natasha claws you.
You take 2 damage, and have 22/29 hp.
Your chain mail prevents you from hitting Natasha.
Natasha completely misses you. Natasha claws you but does no damage.
You miss Natasha. Natasha casts a spell at you.
You feel yourself slow down.
You miss Natasha. Natasha claws you but does no damage. Natasha claws you.
You take 5 damage, and have 17/29 hp.
Unknown command.
Your chain mail prevents you from hitting Natasha.
Natasha claws you but does no damage. Natasha claws you!
* * * LOW HITPOINT WARNING * * *
You take 7 damage, and have 10/29 hp.
MASSIVE DAMAGE!!
Unknown command.
Throwing (i - inventory)
d - 2 throwing nets (quivered)
{!f}
Press: ? - help, Shift-Dir - straight line, f - Natasha
Aim: Natasha Really fire
d - 2 throwing nets {!f}?
You throw a throwing net {!f}. The throwing net {!f} misses Natasha.
The throwing net {!f} closely misses the goblin.
Natasha casts a spell at you. You resist with significant effort.
Throwing (i - inventory)
d - a throwing net (quivered)
{!f}
Press: ? - help, Shift-Dir - straight line, f/p - Natasha
Aim: Natasha Really fire
d - a throwing net {!f}?
You throw a throwing net {!f}. The throwing net {!f} hits Natasha.
Natasha is caught in the net!
Natasha casts a spell at you. You resist with significant effort.
Natasha struggles against the net.
Your chain mail prevents you from hitting Natasha.
Natasha mumbles some strange words.
Natasha struggles against the net.
You slash Natasha!
Natasha is heavily wounded.
Natasha struggles against the net. x2
You hit Natasha.
Natasha is almost dead.
Natasha stares at you and mumbles some strange words.
The magic dart hits you!
* * * LOW HITPOINT WARNING * * *
Natasha struggles against the net.
The net rips apart, and Natasha comes free!
Natasha claws you but does no damage.
You take 10 damage, and have 1/29 hp.
MASSIVE DAMAGE!!
You barely miss Natasha.
Natasha is almost dead.
The crimson imp blinks!
Natasha claws you but does no damage. Natasha claws you.
You die...

Skill      XL: |  1  2  3 |
---------------+----------+-----
Axes           | 3 |  3.6
Fighting       | 3 |  3.2
Throwing       | |  1.7
Dodging        | |  2.6

Action                   || total
-------------------------++-------
Melee: War axe           ||    78
Throw: Throwing net      ||     5
 Stab: Sleeping          ||     1
  Eat: Chunk             ||     2
Armor: Leather armour    ||    11
       Chain mail        ||    29
Dodge: Dodged            ||    37

Levels and vault maps discovered:
D:1:      dpeg_arrival_simpleton_b, layout_loops_corners, st_stairs_1
D:2:      layout_loops_ring, nemelex_dance_club_becter, uniq_sigmund,
          uniq_natasha, uniq_crazy_yiuf_cottage

Notes
Turn   | Place    | Note
-------+----------+-------------------------------------------
     0 | D:1      | Monsterracer the Demonspawn Gladiator began the quest for
                  | the Orb.
     0 | D:1      | Reached XP level 1. HP: 16/16 MP: 1/1
   219 | D:1      | Gained mutation: You regenerate a little health from kills.
                  | [demonic ancestry]
   219 | D:1      | Reached XP level 2. HP: 23/23 MP: 2/2
  1215 | D:2      | Reached XP level 3. HP: 28/28 MP: 3/3
  1251 | D:2      | Noticed Natasha
  1258 | D:2      | HP: 11/28 [Natasha (5)]
  1265 | D:2      | HP: 2/28 [Natasha/magic dart (4)]
  1268 | D:2      | Killed Natasha
  1362 | D:2      | HP: 10/29 [frilled lizard (1)]
  1623 | D:2      | Noticed Natasha
  1644 | D:2      | HP: 10/29 [Natasha (7)]
  1649 | D:2      | HP: 1/29 [Natasha/magic dart (10)]
  1650 | D:2      | Slain by Natasha

Vanquished Creatures
  Natasha (D:2)
  An adder (D:2)
  A worm (D:2)
  A ball python (D:1)
  2 giant cockroaches (D:1)
  5 goblins (D:1 D:2)
  2 hobgoblins (D:1 D:2)
  A jackal (D:1)
  A kobold (D:2)
  A bat (D:1)
  A frilled lizard (D:2)
  3 rats (D:1)
20 creatures vanquished.

Table legend:
 A = Turns spent in this place as a percentage of turns spent in the entire game.
 B = Non-inter-level travel turns spent in this place as a percentage of non-inter-level travel turns spent in the entire game.
 C = Inter-level travel turns spent in this place as a percentage of turns spent in this place.
 D = Turns resting spent in this place as a percentage of non-inter-level travel turns spent in this place.
 E = Turns spent auto-exploring this place as a percentage of non-inter-level travel turns spent in this place.
 F = Non-inter-level travel turns spent in this place divided by the number of levels of this place that you've seen.
                   A       B       C       D       E      F
               +-------+-------+-------+-------+-------+----------------------
         Total | 100.0 | 100.0 |   4.7 |  13.6 |  72.6 | 786.0
       Dungeon | 100.0 | 100.0 |   4.7 |  13.6 |  72.6 | 786.0
               +-------+-------+-------+-------+-------+----------------------

Table legend:
 A = Non-vault XP
 B = Vault XP
 C = Vault XP percentage of total XP
 D = Non-vault monster count
 E = Vault monster count
 F = Vault count percentage of total count
                 A         B        C        D         E       F
            +---------+---------+-------+---------+---------+-------
      Total |      43 |      40 |  48.2 |      17 |       3 |  15.0
            +---------+---------+-------+---------+---------+-------
        D:1 |      18 |       4 |  18.2 |      11 |       2 |  15.4
        D:2 |      25 |      36 |  59.0 |       6 |       1 |  14.3
            +---------+---------+-------+---------+---------+-------
